 Dungeon Crawl Stone Soup version 0.27-a0-1312-g5cdb2b3542 (webtiles) character file.

Game seed: 2320968293315831997

62 bande the Skirmisher (level 3, 0/31 HPs)
             Began as a Palentonga Fighter on June 20, 2021.
             Slain by Ijyb (2 damage)
             ... on level 3 of the Dungeon.
             The game lasted 00:03:03 (1306 turns).

bande the Skirmisher (Palentonga Fighter)           Turns: 1306, Time: 00:03:04

Health: 0/31       AC:  8    Str: 19    XL:     3   Next: 85%
Magic:  3/3        EV:  3    Int:  8    God:
Gold:   93         SH:  9    Dex: 10    Spells: 2/2 levels left

rFire    . . .     SeeInvis +   a - +1 war axe
rCold    . . .     Faith    .   c - +1 kite shield
rNeg     . . .     Spirit   .   j - +0 chain mail
rPois    .         Reflect  .   (no helmet)
rElec    .         Harm     .   (no cloak)
rCorr    .         Rampage  .   (no gloves)
Will     .....                  (no barding)
Stlth    ..........             (no amulet)
HPRegen  0.10/turn              (no ring)
MPRegen  0.08/turn              (no ring)

@: attractive
A: large, rugged brown scales 3, see invisible, deformed body, roll 1, armoured
tail
a: Rolling Charge


You were on level 3 of the Dungeon.
You visited 1 branch of the dungeon, and saw 3 of its levels.

You collected 104 gold pieces.
You spent 11 gold pieces at shops.

Inventory:

Hand Weapons
 a - a +1 war axe (weapon)
 e - a +0 flail
Armour
 c - a +1 kite shield (worn)
 j - a +0 chain mail (worn)
Scrolls
 b - a scroll of enchant weapon
Potions
 d - 2 potions of might


   Skills:
 + Level 3.5 Fighting
 + Level 2.9 Axes
 + Level 2.8 Armour
 + Level 0.1 Dodging
 + Level 2.7 Shields


You had 2 spell levels left.
You didn't know any spells.
Your spell library was empty.

Dungeon Overview and Level Annotations

Branches:
Dungeon (3/15)

Altars:

Shops:
D:1 :**

Annotations:
D:3 Ijyb


Innate Abilities, Weirdness & Mutations

You are completely covered in rugged brown scales. (AC +3, +7% HP)
You have supernaturally acute eyesight. (SInv)
Armour fits poorly on your strangely shaped body.
You can roll at nearby foes to attack.
You have a long armoured tail.


Message History

Ijyb hits you with a +0 club.
You hit Ijyb but do no damage. Ijyb hits you with a +0 club.
Ijyb zaps a wand.
The puff of flame hits you!
* * * LOW HITPOINT WARNING * * *
You are too injured to fight recklessly!
You are too injured to fight recklessly!
You are too injured to fight recklessly!
You are too injured to fight recklessly!
You are too injured to fight recklessly!
You are too injured to fight recklessly!
You are too injured to fight recklessly!
You are too injured to fight recklessly!
Unknown command.
You hit Ijyb.
Ijyb is lightly wounded.
You hit the goblin.
You kill the goblin!
Ijyb hits you with a +0 club.
* * * LOW HITPOINT WARNING * * *
Ijyb hits you with a +0 club.
* * * LOW HITPOINT WARNING * * *
It was a potion of magic.
Magic courses through your body. You block the adder's attack.
Ijyb zaps a wand.
The puff of flame hits you.
* * * LOW HITPOINT WARNING * * *
It was a potion of curing.
You feel better. You block the adder's attack.
A bat comes into view.
You block the adder's attack. Ijyb hits you with a +0 club.
* * * LOW HITPOINT WARNING * * *
It was a potion of attraction.
You feel attractive to monsters. You block the adder's attack.
Ijyb zaps a wand.
The puff of flame hits you.
* * * LOW HITPOINT WARNING * * *
The bat is pulled toward you!
You closely miss Ijyb.
Ijyb is lightly wounded.
You barely miss the bat. You hit the adder.
The bat hits you but does no damage. You block the adder's attack.
The adder bites you but does no damage. The bat hits you but does no damage.
Ijyb hits you with a +0 club.
You die...

........ ....... #.....#
#.....# #.....# +.(...+
#...###### #Sg...# .#
........# #.@...#..#
.......# #..b.....#
.......# #.........
#.....# ##'###....
####.....##### #...+ ...
...'.........###..##....
...#.........'..........
...#.........######.....
...####...........#.....


You could see Ijyb, an adder and a bat.

Vanquished Creatures
  Terence (D:3)
  A ball python (D:1)
  4 endoplasms
  3 giant cockroaches
  5 goblins
  A hobgoblin (D:1)
  6 jackals (D:1)
  6 bats
  A frilled lizard (D:1)
  2 kobolds
  3 rats
33 creatures vanquished.

Notes
Turn   | Place    | Note
-------+----------+-------------------------------------------
     0 | D:1      | bande the Palentonga Fighter began the quest for the Orb.
     0 | D:1      | Reached XP level 1. HP: 19/19 MP: 1/1
    35 | D:1      | Found Ikuikawk's Assorted Antiques.
   168 | D:1      | Reached XP level 2. HP: 16/25 MP: 2/2
   444 | D:1      | Found Ycapn's General Store.
   454 | D:1      | Bought a potion of degeneration for 11 gold pieces
   464 | D:1      | Found Ruxkaas's Book Emporium.
   653 | D:2      | Reached XP level 3. HP: 31/31 MP: 3/3
   829 | D:2      | Found a faded altar of an unknown god.
  1204 | D:3      | Noticed Terence
  1212 | D:3      | Killed Terence
  1296 | D:3      | Noticed Ijyb
  1306 | D:3      | Slain by Ijyb

Illustrated notes

Levels and vault maps discovered:
D:1:      minmay_arrival_five_plusses, layout_rooms, serial_shops, shop_statue,
          shop, nicolae_shop_crystal
D:2:      layout_rooms, hellmonk_ecumenical_altar_pennies_from_heaven
D:3:      layout_basic, okawaru_trees_1, vehumet_statue, uniq_terence, uniq_ijyb

Action                   || total
-------------------------++-------
Melee: War axe           ||    60
       Tailslap          ||     5
  Use: Scroll            ||     4
       Potion            ||     3
Armor: Scale mail        ||    30
       Chain mail        ||     3
Dodge: Dodged            ||    15
Block: Kite shield       ||    30

Table legend: (Time is in decaauts)
 A = Elapsed time spent in this place.
 B = Non-inter-level travel time spent in this place.
 C = Inter-level travel time spent in this place.
 D = Time resting spent in this place.
 E = Time spent auto-exploring this place.
 F = Levels seen in this place.
 G = Mean time per level.
                   A        B        C        D        E       F      G
               +--------+--------+--------+--------+--------+-----+--------+
         Total |   1343 |   1304 |     39 |    153 |    862 |   3 |  447.7 |
       Dungeon |   1343 |   1304 |     39 |    153 |    862 |   3 |  447.7 |
               +--------+--------+--------+--------+--------+-----+--------+

Top non-repeatable levels by time:
     D:1: 669 daAuts
     D:2: 480 daAuts
     D:3: 192 daAuts
